 Dungeon Sprint DCSS version 0.26-a0-651-gb41185065b (webtiles) character file.

Game seed: 2350504901602915193

20402 sahdkjhfkaj the Fighter (level 12, 0/117 HPs)
             Began as an Octopode Conjurer on Oct 1, 2020.
             Was an Initiate of Gozag.
             Killed by divine providence
             ... invoked by a smoke demon
             ... summoned by a mummy priest
              (11 damage)
             ... in the Dungeon (Sprint V: "Ziggurat Sprint").
             The game lasted 00:11:44 (1849 turns).

sahdkjhfkaj the Fighter (Octopode Conjurer)         Turns: 1849, Time: 00:11:45

Health: 0/117      AC: 28    Str: 19    XL:     12   Next: 79%
Magic:  18/23      EV: 15    Int: 42    God:    Gozag
Gold:   2307       SH: 31    Dex: 17    Spells: 8/30 levels left

rFire    . . .     SeeInvis +     - Unarmed
rCold    + . .     Faith    .   D - +18 shield of the Gong {rElec rN+ MR+ EV-5}
rNeg     + + .     Spirit   .   (helmet restricted)
rPois    ∞         Reflect  .   (no amulet)
rElec    +         Harm     .   x - +6 ring of strength
rCorr    .         Rampage  .   w - +6 ring of intelligence
MR       ++++.     NoTele   +   y - +6 ring of strength
Stlth    +++.......             v - +6 ring of intelligence
HPRegen  0.29/turn              u - +6 ring of dexterity
MPRegen  0.18/turn              F - ring of Impatience {MR++ SInv}
                                s - ring of flight
                                j - ring of the Centipede {rC+ MR+ Int+6}

@: statue-form, gold aura, berserk cooldown, slowed, very slow
A: almost no armour, stealthy swim, amphibious, 8 rings, constrict 8, camouflage
1, low mp 1, subdued magic 1
a: End Transformation, Potion Petition, Call Merchant, Bribe Branch, Renounce
Religion, Evoke Flight


You were in the Dungeon.
You worshipped Gozag.
Gozag was most pleased with you.
You were a stone statue.
You visited 1 branch You collected 6093 gold pieces.
You spent 825 gold pieces at shops.
You paid 2961 gold pieces to Gozag.

Inventory:

Hand Weapons
 C - the +8 lance "Wyrmbane" {slay drac, rPois rF+ rC+ AC+3}
   (You found it in the Dungeon)

   It affects your AC (+3).
   It protects you from fire.
   It protects you from cold.
   It protects you from poison.
Armour
 D - the +18 shield of the Gong (worn) {rElec rN+ MR+ EV-5}
   (You found it in the Dungeon)

   It affects your evasion (-5).
   It insulates you from electricity.
   It protects you from negative energy.
   It affects your resistance to hostile enchantments.
Jewellery
 j - the ring of the Centipede (on tentacle) {rC+ MR+ Int+6}
   (You found it in the Dungeon)

   [ring of intelligence]

   It affects your intelligence (+6).
   It protects you from cold.
   It affects your resistance to hostile enchantments.
 s - a ring of flight (on tentacle)
 t - a +6 ring of dexterity
 u - a +6 ring of dexterity (on tentacle)
 v - a +6 ring of intelligence (on tentacle)
 w - a +6 ring of intelligence (right tentacle)
 x - a +6 ring of strength (left tentacle)
 y - a +6 ring of strength (on tentacle)
 F - the ring of Impatience (on tentacle) {MR++ SInv}
   (You took it off a centaur in the Dungeon)

   [ring of see invisible]

   It affects your resistance to hostile enchantments.
   It lets you see invisible.
 H - the ring of Trepidation {Str+4 Stlth-}
   (You found it in the Dungeon)

   [ring of attention]

   It affects your strength (+4).
   It makes you less stealthy.
 I - an uncursed ring of poison resistance
 K - the ring "Jeneec" {+Fly rPois MR++ Dex-5 Slay+3}
   (You found it in the Dungeon)

   [ring of poison resistance]

   It affects your dexterity (-5).
   It affects your accuracy and damage with ranged weapons and melee attacks
   (+3).
   It protects you from poison.
   It affects your resistance to hostile enchantments.
   It lets you fly.
Wands
 z - a wand of disintegration (7)
 A - a wand of iceblast (7)
 B - a wand of acid (6)
Scrolls
 g - 4 scrolls of blinking
 m - 4 scrolls of amnesia
 n - 7 scrolls of fog
 o - a scroll of holy word
 p - 5 scrolls of identify
 q - 5 scrolls of remove curse
 r - 2 scrolls of fear
 J - 4 scrolls of enchant armour
Potions
 a - 2 potions of brilliance
 b - 9 potions of curing
 c - 4 potions of heal wounds
 d - 5 potions of haste
 e - 6 potions of magic
 h - 2 potions of invisibility
 i - 4 potions of resistance
 k - 5 potions of stabbing
 l - 5 potions of might
Miscellaneous
 E - a phantom mirror
 G - a condenser vane (2/2)


   Skills:
 + Level 11.7 Fighting
 - Level 10.3 Polearms
 + Level 11.7 Dodging
 - Level 2.6 Stealth
 + Level 11.6 Shields
 * Level 7.5 Unarmed Combat
 - Level 9.9 Spellcasting
 - Level 11.1 Conjurations
 - Level 7.8 Hexes
 - Level 8.0 Translocations
 - Level 10.2 Transmutations
 - Level 10.2 Earth Magic


You had 8 spell levels left.
You knew the following spells:

 Your Spells              Type           Power        Failure   Level
a - Magic Dart            Conj           ####         0%          1
b - Searing Ray           Conj           ######       1%          2
d - Iskenderun's Mystic   Conj/Tloc      ######..     1%          4
f - Fulminant Prism       Conj/Hex       ######....   1%          4
i - Irradiate             Conj/Tmut      ######....   1%          5
S - Statue Form           Tmut/Erth      ######...    4%          6

Your spell library contained the following spells:

 Spells                   Type           Power        Failure   Level
 Beastly Appendage        Tmut           ######       1%          1
 Foxfire                  Conj/Fire      ####         1%          1
 Freeze                   Ice            ###.         1%          1
 Summon Small Mammal      Summ           ###.         1%          1
 Wereblood                Tmut           ######..     1%          2
 Conjure Flame            Conj/Fire      ######..     1%          3
 Dazzling Flash           Conj/Hex       ######       1%          3
 Ignite Poison            Fire/Tmut/Pois #####...     1%          3
 Inner Flame              Hex/Fire       #####...     1%          3
 Spider Form              Tmut/Pois      #####.....   1%          3
 Summon Guardian Golem    Hex/Summ       #####...     1%          3
 Hailstorm                Conj/Ice       ######..     1%          4
 Ice Form                 Ice/Tmut       #####...     1%          4
 Petrify                  Tmut/Erth      ######..     1%          4
 Sticky Flame             Conj/Fire      ######..     1%          4
 Blade Hands              Tmut           ######....   1%          5
 Call Imp                 Summ           ###.....     2%          2
 Sublimation of Blood     Necr           ###.......   2%          2
 Iron Shot                Conj/Erth      ######....   3%          6
 Hydra Form               Tmut           ######....   4%          6
 Call Canine Familiar     Summ           ###.....     5%          3
 Frozen Ramparts          Ice            ###...       5%          3
 Ozocubu's Armour         Ice            ###.....     5%          3
 Fireball                 Conj/Fire      ######....   5%          5
 Alistair's Intoxication  Tmut/Pois      #####....    6%          5
 Metabolic Englaciation   Hex/Ice        #####.....   11%         5
 Dispel Undead            Necr           ###.....     21%         4
 Summon Ice Beast         Ice/Summ       ###.....     21%         4
 Summon Lightning Spire   Summ/Air       ###.....     21%         4
 Dragon Form              Tmut           ######....   26%         7
 Eringya's Noxious Bog    Tmut/Pois      #####.....   36%         6
 Agony                    Necr           ###.....     50%         5
 Summon Demon             Summ           ###.......   50%         5
 Freezing Cloud           Conj/Ice/Air   #####.....   56%         6
 Ozocubu's Refrigeration  Ice            ###.......   98%         6
 Shadow Creatures         Summ           N/A          98%         6
 Simulacrum               Ice/Necr       ###.......   98%         6


Dungeon Overview and Level Annotations

Branches:
Dungeon (1/1)

Altars:
Ashenzari
Cheibriados
Dithmenos
Elyvilon
Fedhas
Gozag
Hepliaklqana
Kikubaaqudgha
Makhleb
Nemelex Xobeh
Okawaru
Qazlal
Ru
Sif Muna
Trog
Uskayaw
Vehumet
Wu Jian
Xom
Yredelemnul
Zin
The Shining One
Beogh
Jiyva
Lugonu

Shops:
D *:}[

Annotations:
D 1 transporter


Innate Abilities, Weirdness & Mutations

You cannot wear most types of armour.
You are very stealthy in the water. (Stealth+)
You are amphibious.
You can wear up to eight rings at the same time.
You can use your tentacles to constrict eight enemies at once.
Your skin changes colour to match your surroundings (Stealth+).
((Your rubbery body absorbs attacks. (AC +1, EV +1)))
Your magical capacity is low. (-10% MP)
Your spells are a little easier to cast, but a little less powerful.


Message History

Unknown command.
Unknown command.
Unknown command.
Unknown command.
Unknown command.
Unknown command.
Evoke which item? (* to show all) (? for menu, Esc to quit)
Press: ? - help, Shift-Dir - straight line, f - mummy priest
Aim: a mummy priest The bolt of acid misses the flying skull.
The bolt of acid hits the mummy priest!
The mummy priest is splashed with acid!
The acid corrodes the mummy priest!
The mummy priest is moderately damaged.
The flying skull is no longer distracted by gold.
You block the flying skull's attack.
PTOANNNG!
The smoke demon gestures at you. Something smites you!
You die...
Your body crumbles into a pile of gold.

▓.........▓
▓▓▓▓▓▓▓▓▓▓▓▓▓.▓.....▓.▓
▓....8©8....▓....©....▓
▓..)|:|)[[..▓▓▓▓▓▓▓▓▓▓▓
▓...|):[)...▓...8©8...▓
▓...........▓..[).))..▓
▓....4MZ....▓...|)....▓
▓....WzW3...▓.........▓
▓...MM8MZ...▓.........▓
▓..▓.WMW.▓..▓.........▓
▓▓...▓▓ ▓.........▓
▓..▓.....▓..▓.▓.....▓.▓
▓.....©.....▓....©....▓
▓▓▓▓▓▓▓▓▓▓▓▓▓▓▓▓▓▓▓▓▓▓▓
▓...8©8...▓...8©8...▓..
▓....}}.).▓...|}[}..▓..
▓..|})}=..▓.....})..▓..


You could see a mummy priest (corroded), a shadow wraith (summoned, invisible),
a phantasmal warrior (summoned), an ice devil (summoned), a freezing wraith
(summoned), a smoke demon (summoned), a wraith (summoned), a flying skull, 4
mummies, a quokka zombie and a giant cockroach zombie (summoned).

Vanquished Creatures
  A greater mummy (D)
  A lich (D)
  A ghoul (D)
  A vampire knight (D)
  2 mummy priests (D)
  A vampire mage (D)
  A thrashing horror (D)
  2 necromancers (D)
  5 deep elf magi (D)
  A cyclops (D)
  A shining eye (D)
  An eye of devastation (D)
  2 guardian mummies (D)
  A merfolk (D)
  A jumping spider (D)
  A slime creature (D)
  A hippogriff (D)
  3 yaks (D)
  3 shadows (D)
  A golden eye (D)
  4 ushabtiu (D)
  A small abomination (D)
  An insubstantial wisp (D)
  A naga (D)
  A water moccasin (D)
  A porcupine (D)
  A phantom (D)
  2 necrophages (D)
  A wolf (D)
  3 centaurs (D)
  2 bullfrogs (D)
  4 scorpions (D)
  A wight (D)
  A crimson imp (D)
  6 jellies (D)
  2 iron imps (D)
  2 mummies (D)
  2 adders (D)
  2 shadow imps (D)
  2 oozes (D)
  2 adder zombies (D)
  A jackal (D)
  A bat simulacrum (D)
  A jackal zombie (D)
  A quokka zombie (D)
77 creatures vanquished.

Vanquished Creatures (others)
  A dancing weapon (D)
  A quokka simulacrum (D)
  13 fulminant prisms (D)
  A lurking horror (D)
16 creatures vanquished.

Grand Total: 93 creatures vanquished

Notes
Turn   | Place    | Note
-------+----------+-------------------------------------------
     0 | D        | sahdkjhfkaj the Octopode Conjurer began the quest for the
                  | Orb.
     0 | D        | Reached XP level 1. HP: 11/11 MP: 3/3
     0 | D        | Found a shimmering blue altar of Sif Muna.
     0 | D        | Found a sacrificial altar of Ru.
     0 | D        | Found a bloodstained altar of Trog.
     0 | D        | Found a stormy altar of Qazlal.
     0 | D        | Found an iron altar of Okawaru.
     0 | D        | Found a sparkling altar of Nemelex Xobeh.
     0 | D        | Found a blossoming altar of Fedhas.
     1 | D        | Found the +6 Majin-Bo {vamp, MP+6 Int+6}
     1 | D        | Found the +9 heavy crossbow "Sniper" {vorpal, Acc+∞ SInv}
     1 | D        | Found the +10 dark maul {vorpal}
     1 | D        | Found the +15 Maxwell's patent armour {-Cast -Tele rElec
                  | MR+ rCorr}
     1 | D        | Found the +18 shield of the Gong {rElec rN+ MR+ EV-5}
     1 | D        | Found the cursed +14 obsidian axe {vorpal, +Fly SInv
                  | *Curse}
     1 | D        | Found the +7 great mace "Firestarter" {inner flame, rF++}
     1 | D        | Found the +6 shillelagh "Devastator" {shatter}
     1 | D        | Found the +11 plutonium sword {*Contam Stlth-}
     1 | D        | Found the +8 lance "Wyrmbane" {slay drac, rPois rF+ rC+
                  | AC+3}
     1 | D        | Found the +9 sword of Zonguldrok {reap}
     1 | D        | Found the cursed +13 scythe of Curses {drain, *Curse}
     1 | D        | Found the +0 sword of Power
     1 | D        | Found the +7 mace of Variability {chain chaos}
     1 | D        | Found the +7 Singing Sword {vorpal, sonic wave}
     1 | D        | Found the +8 storm bow {elec, penet}
     2 | D        | Found a transporter.
     2 | D        | Found an ancient bone altar of Kikubaaqudgha.
     2 | D        | Found a viscous altar of Jiyva.
     2 | D        | Found a corrupted altar of Lugonu.
     2 | D        | Found a hazy altar of Hepliaklqana.
     2 | D        | Found a burning altar of Makhleb.
     2 | D        | Found an opulent altar of Gozag.
    89 | D        | Became a worshipper of Gozag Ym Sagoz the Greedy
    96 | D        | Entered arena 2.
    96 | D        | Noticed a necrophage
    96 | D        | Found a transporter.
   102 | D        | Killed a necrophage
   102 | D        | Reached skill level 5 in Conjurations
   102 | D        | Reached XP level 2. HP: 21/21 MP: 0/6
   102 | D        | Reached XP level 3. HP: 26/26 MP: 0/8
   102 | D        | Reached XP level 4. HP: 31/31 MP: 0/9
   176 | D        | Reached skill level 5 in Fighting
   176 | D        | Reached skill level 5 in Polearms
   176 | D        | Reached skill level 5 in Dodging
   176 | D        | Reached skill level 5 in Shields
   176 | D        | Reached skill level 5 in Spellcasting
   176 | D        | Reached XP level 5. HP: 39/39 MP: 9/12
   180 | D        | Learned a level 2 spell: Searing Ray
   185 | D        | Learned a level 4 spell: Fulminant Prism
   190 | D        | Learned a level 4 spell: Iskenderun's Mystic Blast
   190 | D        | Entered arena 3.
   190 | D        | Noticed a phantom
   190 | D        | Noticed a necrophage
   190 | D        | Found a transporter.
   198 | D        | Killed a necrophage
   198 | D        | Reached XP level 6. HP: 46/46 MP: 3/14
   213 | D        | Killed a phantom
   288 | D        | Entered arena 4.
   288 | D        | Noticed a golden eye
   288 | D        | Found a transporter.
   291 | D        | Killed a golden eye
   291 | D        | Reached XP level 7. HP: 53/53 MP: 10/16
   338 | D        | Got the ring of the Centipede {rC+ MR+ Int+6}
   346 | D        | Entered arena 5.
   346 | D        | Noticed a naga
   346 | D        | Found a transporter.
   349 | D        | Killed a naga
   349 | D        | Reached skill level 1 in Hexes
   349 | D        | Reached skill level 1 in Translocations
   420 | D        | Entered arena 6.
   420 | D        | Noticed a jumping spider
   420 | D        | Found a transporter.
   423 | D        | Reached XP level 8. HP: 60/60 MP: 13/18
   424 | D        | Killed a jumping spider
   472 | D        | Learned a level 5 spell: Irradiate
   472 | D        | Entered arena 7.
   472 | D        | Noticed a hippogriff
   472 | D        | Noticed a cyclops
   472 | D        | Noticed a merfolk
   473 | D        | Identified the ring of Impatience {MR++ SInv}
   473 | D        | Identified the +5 ring mail "Gufif" {Str+4}
   474 | D        | Found a transporter.
   490 | D        | Killed a merfolk
   497 | D        | Killed a cyclops
   497 | D        | Reached XP level 9. HP: 24/66 MP: 13/20
   732 | D        | Got Sif Muna's Volume of Unholy Companions
   742 | D        | Entered arena 8.
   742 | D        | Noticed a deep elf mage
   742 | D        | Noticed a deep elf mage
   742 | D        | Noticed a +1 scimitar of draining
   742 | D        | Noticed a deep elf mage
   742 | D        | Noticed a deep elf mage
   742 | D        | Noticed a deep elf mage
   747 | D        | Noticed a jumping spider
   749 | D        | Killed a +1 scimitar of draining
   749 | D        | Reached skill level 5 in Hexes
   749 | D        | Reached skill level 5 in Translocations
   750 | D        | Noticed a soul eater
   750 | D        | Found a transporter.
   751 | D        | Killed a deep elf mage
   754 | D        | Killed a deep elf mage
   754 | D        | Reached XP level 10. HP: 74/74 MP: 17/22
   755 | D        | Killed a deep elf mage
   755 | D        | Reached skill level 10 in Conjurations
   756 | D        | Killed a deep elf mage
   765 | D        | Killed a deep elf mage
   844 | D        | Entered arena 9.
   844 | D        | Noticed an eye of devastation
   862 | D        | Killed an eye of devastation
   863 | D        | Found a transporter.
   878 | D        | Got the ring of Trepidation {Str+4 Stlth-}
   978 | D        | Entered arena 10.
   979 | D        | Found the +7 lajatang of Order {silver, rMut}
   993 | D        | Reached skill level 10 in Fighting
   995 | D        | Found a transporter.
  1014 | D        | Got Tilaveych's Incunabulum of Glacial Black Magic
  1016 | D        | Got the Disquisition on Attacks and Flames
  1074 | D        | Entered arena 11.
  1074 | D        | Noticed a mummy priest
  1075 | D        | Noticed a rust devil
  1075 | D        | Found a transporter.
  1083 | D        | Noticed a jiangshi
  1084 | D        | Reached skill level 10 in Dodging
  1084 | D        | Reached skill level 10 in Shields
  1084 | D        | Killed a mummy priest
  1084 | D        | Reached skill level 10 in Polearms
  1084 | D        | Reached XP level 11. HP: 37/78 MP: 3/24
  1102 | D        | HP: 3/82 [ushabti (27)]
  1372 | D        | Entered arena 12.
  1372 | D        | Noticed a thrashing horror
  1373 | D        | Noticed a shining eye
  1374 | D        | Found a transporter.
  1383 | D        | Killed a shining eye
  1384 | D        | Killed a thrashing horror
  1403 | D        | Bought a book of Transfigurations for 825 gold pieces
  1410 | D        | Learned a level 6 spell: Statue Form
  1564 | D        | Acquired 1008 gold pieces
  1568 | D        | Got the ring "Jeneec" {+Fly rPois MR++ Dex-5 Slay+3}
  1574 | D        | Entered arena 13.
  1574 | D        | Noticed a vampire knight
  1574 | D        | Noticed a necromancer
  1575 | D        | Noticed a vampire mage
  1575 | D        | Noticed a necromancer
  1575 | D        | Noticed a lich
  1575 | D        | Noticed a ghoul
  1576 | D        | Found a transporter.
  1579 | D        | Reached skill level 1 in Transmutations
  1579 | D        | Reached skill level 1 in Earth Magic
  1580 | D        | Killed a necromancer
  1581 | D        | Killed a vampire knight
  1581 | D        | Reached skill level 5 in Transmutations
  1581 | D        | Reached skill level 5 in Earth Magic
  1583 | D        | Killed a necromancer
  1584 | D        | Killed a vampire mage
  1585 | D        | Killed a lich
  1585 | D        | Reached XP level 12. HP: 67/89 MP: 10/25
  1585 | D        | Gained mutation: Your spells are a little easier to cast,
                  | but a little less powerful. [mutagenic glow]
  1591 | D        | Killed a ghoul
  1591 | D        | Reached skill level 10 in Transmutations
  1591 | D        | Reached skill level 10 in Earth Magic
  1599 | D        | Gained mutation: Your magical capacity is low. (-10% MP)
                  | [mutagenic glow]
  1817 | D        | Got the Catalogue of Freezing Earth
  1828 | D        | Entered arena 14.
  1829 | D        | Noticed a mummy priest
  1830 | D        | Found the +8 orange crystal plate armour {Archmagi, Int+3
                  | Clar}
  1830 | D        | Noticed a mummy priest
  1830 | D        | Noticed a greater mummy
  1831 | D        | Found a transporter.
  1837 | D        | Noticed a jiangshi
  1841 | D        | Killed a greater mummy
  1844 | D        | Killed a mummy priest
  1849 | D        | Killed from afar by a smoke demon

Illustrated notes

Levels and vault maps discovered:
D:        sprint_v [room_start, room_1, room_2, room_3, room_4, room_5, room_6,
          room_7, room_8, room_9, room_10, room_11, room_12, room_13, room_14,
          room_15, room_16, room_17, room_18, room_19, room_20, room_21,
          room_22, room_23, room_24, room_25, room_26, room_27]

Skill      XL: |  1  2  3  4  5  6  7  8  9 10 11 12 |
---------------+-------------------------------------+-----
Fighting       | 3 5 6 7 8 9 10 11 | 11.7
Polearms       | 3 5 6 7 8 10 | 10.3
Dodging        | 3 5 6 7 8 9 10 11 | 11.7
Shields        | 3 5 6 7 8 9 10 11 | 11.6
Spellcasting   | 3 5 6 7 8 9 |  9.9
Conjurations   | 5 6 7 8 9 10 11 | 11.1
Hexes          | 1 4 5 7 |  7.8
Translocations | 1 4 5 7 8 |  8.0
Transmutations | 9 10 | 10.2
Earth Magic    | 9 10 | 10.2
Unarmed Combat | 7 |  7.5
Stealth        | |  2.6

Action                   |  1- 3 |  4- 6 |  7- 9 | 10-12 || total
-------------------------+-------+-------+-------+-------++-------
Melee: Lance             |     2 |    15 |    36 |    47 ||   100
       Tentacles         |     1 |     4 |     9 |    14 ||    28
       Constrict         |       |     3 |     2 |    11 ||    16
       Unarmed           |       |       |       |    12 ||    12
 Cast: Magic Dart        |     3 |       |       |       ||     3
       Fulminant Prism   |       |     1 |     5 |     7 ||    13
       Searing Ray       |       |       |     2 |     1 ||     3
       Irradiate         |       |       |       |    15 ||    15
       Statue Form       |       |       |       |     1 ||     1
Invok: Call Merchant     |       |       |     2 |     2 ||     4
Evoke: Wand              |       |       |       |     1 ||     1
  Use: Potion            |     1 |     2 |     3 |     7 ||    13
       Scroll            |       |       |       |     1 ||     1
 Stab: Distracted        |       |       |       |     1 ||     1
Armor: Skin              |       |       |     3 |    33 ||    36
Dodge: Dodged            |       |     1 |    15 |    47 ||    63
Block: Kite shield       |     1 |    10 |    80 |   131 ||   222

Table legend: (Time is in decaauts)
 A = Elapsed time spent in this place.
 B = Non-inter-level travel time spent in this place.
 C = Inter-level travel time spent in this place.
 D = Time resting spent in this place.
 E = Time spent auto-exploring this place.
 F = Levels seen in this place.
 G = Mean time per level.
                   A        B        C        D        E       F      G
               +--------+--------+--------+--------+--------+-----+--------+
         Total |   1839 |   1817 |     22 |   1244 |     21 |   1 | 1839.0 |
       Dungeon |   1839 |   1817 |     22 |   1244 |     21 |   1 | 1839.0 |
               +--------+--------+--------+--------+--------+-----+--------+

Top non-repeatable levels by time:
       D: 1839 daAuts
